 Dungeon Crawl Stone Soup version 0.28-a0-178-ga708605c5b (webtiles) character file.

Game seed: 8052896346946652012

219188 frimble the Warrior (level 18, -9/166 HPs)
             Began as a Minotaur Warper on Aug 17, 2021.
             Was the Champion of Cheibriados.
             Mangled by an earth elemental (23 damage)
             ... on level 1 of the Elven Halls.
             The game lasted 01:03:31 (38222 turns).

frimble the Warrior (Minotaur Warper)              Turns: 38222, Time: 01:03:32

Health: -9/166     AC: 12    Str: 31    XL:     18   Next: 44%
Magic:  10/24      EV: 23    Int: 30    God:    Cheibriados [******]
Gold:   3640       SH: 21    Dex: 28    Spells: 18/27 levels left

rFire   . . .      SeeInvis .   a - +4 scimitar
rCold   + + .      Faith    .   W - +0 kite shield
rNeg    + . .      Spirit   .   L - +4 troll leather armour
rPois   .          Reflect  +   (helmet restricted)
rElec   .          Harm     .   w - +2 cloak
rCorr   +          Rampage  .   N - +0 pair of gloves of Wohoutri {Fly rC++ rN+ rCorr}
Will    +....                   (no boots)
Stlth   +++.......              I - amulet of reflection
HPRegen 1.37/turn               B - +4 ring of slaying
MPRegen 0.19/turn               F - +4 ring of slaying

@: flying, very slow
A: horns 2, retaliatory headbutt
}: 1/15 runes: gossamer
a: Renounce Religion, Bend Time, Temporal Distortion, Slouch, Step From Time


You were on level 1 of the Elven Halls.
You worshipped Cheibriados.
Cheibriados was exalted by your worship.
You visited 6 branches of the dungeon, and saw 29 of its levels.

You collected 4876 gold pieces.
You spent 1236 gold pieces at shops.

Inventory:

Hand Weapons
 a - a +4 scimitar (weapon)
 b - a +2 dagger of electrocution
Missiles
 d - 5 boomerangs of dispersal
 g - 5 throwing nets
 l - 10 javelins
 u - 108 poisoned darts (quivered)
 z - 7 curare-tipped darts
 X - 7 boomerangs
Armour
 w - a +2 cloak (worn)
 L - a +4 troll leather armour (worn)
 N - the +0 pair of gloves of Wohoutri (worn) {Fly rC++ rN+ rCorr}
   (You found it on level 1 of the Lair of Beasts)

   rC:        It greatly protects you from cold.
   rN:        It protects you from negative energy.
   Fly:       It grants you flight.
   rCorr:     It protects you from acid and corrosion.
 W - a +0 kite shield (worn)
Jewellery
 y - a +4 ring of protection
 B - a +4 ring of slaying (left hand)
 F - a +4 ring of slaying (right hand)
 I - an amulet of reflection (around neck)
 M - a ring of fire
Wands
 r - a wand of paralysis (17)
 A - a wand of acid (12)
 J - a wand of polymorph (21)
 P - a wand of flame (26)
 Q - a wand of iceblast (27)
 R - a wand of digging (10)
 Z - a wand of mindburst (13)
Scrolls
 c - 5 scrolls of blinking
 f - 9 scrolls of teleportation
 k - 4 scrolls of immolation
 p - a scroll of silence
 q - 2 scrolls of fog
 s - 8 scrolls of amnesia
 t - a scroll of brand weapon
 v - 13 scrolls of identify
 x - a scroll of fear
 D - 4 scrolls of vulnerability
 E - 4 scrolls of enchant weapon
 H - 2 scrolls of holy word
 V - 3 scrolls of magic mapping
Potions
 e - 9 potions of curing
 j - 4 potions of might
 m - 3 potions of cancellation
 n - 7 potions of heal wounds
 o - 6 potions of lignification
 C - 3 potions of mutation
 G - 3 potions of attraction
 O - a potion of resistance
 S - 8 potions of ambrosia
 U - 3 potions of brilliance
 Y - a potion of magic
Miscellaneous
 h - a lightning rod (4/4)
 i - a tin of tremorstones (2/2)
 T - a box of beasts


   Skills:
 + Level 15.8 Fighting
 - Level 6.8(10.5) Short Blades
 - Level 13.3(14.0) Long Blades
 - Level 7.0 Throwing
 - Level 1.3 Armour
 - Level 11.5 Dodging
 - Level 4.0 Stealth
 - Level 15.0 Shields
 + Level 5.3 Spellcasting
 - Level 6.0 Translocations
 + Level 10.0 Transmutations
 + Level 10.1 Earth Magic
 - Level 8.2 Invocations
 - Level 8.0 Evocations


You had 18 spell levels left.
You knew the following spells:

 Your Spells              Type           Power      Damage    Failure   Level
a - Blink                 Tloc           N/A        N/A       1%          2
b - Apportation           Tloc           86%        N/A       1%          1
c - Statue Form           Tmut/Erth      41%        N/A       16%         6

Your spell library contained the following spells:

 Spells                   Type           Power      Damage    Failure   Level
 Sandblast                Erth           100%       2d20      1%          1
 Passwall                 Tmut/Erth      51%        N/A       1%          2
 Wereblood                Tmut           62%        N/A       1%          2
 Gell's Gravitas          Tloc           21%        N/A       1%          3
 Lesser Beckoning         Tloc           21%        N/A       1%          3
 Teleport Other           Tloc           43%        N/A       1%          3
 Petrify                  Tmut/Erth      62%        N/A       1%          4
 Lee's Rapid Deconstruct  Erth           31%        3d17*     2%          5
 Ignite Poison            Fire/Tmut/Pois 28%        N/A       4%          3
 Animate Skeleton         Necr           14%        N/A       6%          1
 Corona                   Hex            7%         N/A       6%          1
 Magic Dart               Conj           28%        1d4       6%          1
 Summon Small Mammal      Summ           28%        N/A       6%          1
 Searing Ray              Conj           14%        3d3       10%         2
 Sublimation of Blood     Necr           3%         N/A       10%         2
 Manifold Assault         Tloc           43%        N/A       16%         5
 Call Canine Familiar     Summ           7%         N/A       19%         3
 Conjure Flame            Conj/Fire      7%         6-21      19%         3
 Dazzling Flash           Conj/Hex       14%        N/A       19%         3
 Inner Flame              Hex/Fire       7%         N/A       19%         3
 Summon Guardian Golem    Hex/Summ       7%         N/A       19%         3
 Iskenderun's Mystic Bla  Conj/Tloc      25%        2d7       19%         4
 Summon Forest            Summ/Tloc      12%        N/A       45%         5
 Cause Fear               Hex            3%         N/A       54%         4
 Fulminant Prism          Conj/Hex       3%         3d6       54%         4
 Sticky Flame             Conj/Fire      7%         2d3       54%         4
 Dispersal                Tloc           21%        N/A       63%         6
 Freezing Cloud           Conj/Ice/Air   3%         6-21      87%         5
 Metabolic Englaciation   Hex/Ice        3%         N/A       87%         5
 Simulacrum               Ice/Necr       3%         N/A       100%        6
 Starburst                Conj/Fire      3%         6d3       100%        6
 Summon Hydra             Summ           3%         N/A       100%        7
 Discord                  Hex            3%         N/A       100%        8
 Summon Horrible Things   Summ           3%         N/A       100%        8
 Polar Vortex             Ice            3%         N/A       100%        9


Dungeon Overview and Level Annotations

Branches:
Dungeon (15/15)            Temple (1/1) D:4            Lair (6/6) D:10
 Shoals (0/4) Lair:3       Spider (4/4) Lair:3        Slime (0/5) Lair:6
    Orc (2/2) D:10            Elf (1/3) Orc:2        Vaults (0/5) D:13
 Depths (0/5) D:15

Altars:
Ashenzari
Cheibriados
Dithmenos
Elyvilon
Fedhas
Kikubaaqudgha
Okawaru
Qazlal
Ru
Sif Muna
Trog
Uskayaw
Vehumet
Wu Jian
Xom
Yredelemnul
Zin
The Shining One
Beogh

Shops:
D:7 =   D:9 !   Orc:1 =   Orc:2 !:((

Portals:
Trove: D:13 (give +8 demon blade)

Annotations:
D:13 exclusions: obsidian statue and orange crystal statue
Lair:3 exclusion: oklob plant
Lair:4 exclusion: 4 oklob plants
Spider:2 Roxanne


Innate Abilities, Weirdness & Mutations

You have a pair of horns on your head.
You reflexively headbutt those who attack you in melee.


Message History

Reactivating autopickup.
You feel a bit more experienced. The bolt of fire hits you!!!
* * * LOW HITPOINT WARNING * * *
You can feel time thicken for a moment.
You kill the deep elf demonologist!
Cheibriados thoroughly appreciates the change of pace.
The Ice Fiend disappears in a puff of smoke!
You kill the deep elf pyromancer!
Cheibriados appreciates the change of pace.
You destroy the earth elemental!
Cheibriados appreciates the change of pace.
You kill the deep elf high priest!
Cheibriados appreciates the change of pace.
You kill the deep elf knight!
Cheibriados appreciates the change of pace.
You kill the orc warrior!
Cheibriados appreciates the change of pace.
You kill the deep elf pyromancer!
Cheibriados thoroughly appreciates the change of pace.
You kill the deep elf archer!
Cheibriados thoroughly appreciates the change of pace.
You are covered in liquid flames!
* * * LOW HITPOINT WARNING * * *
The deep elf high priest calls down the wrath of its god upon you.
Something smites you!
* * * LOW HITPOINT WARNING * * *
You can feel time thicken for a moment.
You kill the deep elf high priest!
Cheibriados appreciates the change of pace.
You kill the deep elf archer!
Cheibriados thoroughly appreciates the change of pace.
You kill the deep elf zephyrmancer!
Cheibriados thoroughly appreciates the change of pace.
You are covered in liquid flames!
* * * LOW HITPOINT WARNING * * *
You are no longer on fire.
You hit the earth elemental but do no damage.
The earth elemental is moderately damaged.
The earth elemental hits you!!
You die...

##### ##...## #
##.....## ####.......#
'..'.......#
####.......# #
##.....############## #
##...#)##...))).....
###########.#.##@E#''#'
#.....## ##..#8).).....
.......## ##'#8).))....
........## ####ยง)#..#..
.........# #.#8........
..(.....)####.#8).......
.......)))..'.##..#. #..
........)####'#8..... ).
...)[....###.##


You could see an earth elemental.

Vanquished Creatures
  Jorgrun (Spider:1)
  Rupert (Orc:2)
  A frost giant (D:12)
  5 ghost moths
  A deep elf sorcerer (Elf:1)
  An orc warlord (D:12)
  Louise (D:15)
  A deep elf elementalist (Elf:1)
  6 emperor scorpions
  A deep elf demonologist (Elf:1)
  A stone giant (D:15)
  Nessos (D:12)
  3 entropy weavers
  2 spark wasps
  A deep elf death mage (Elf:1)
  Josephine (Lair:6)
  Harold (D:7)
  2 deep elf high priests (Elf:1)
  6 hydras
  A fire dragon (D:12)
  A merfolk avatar (Lair:6)
  6 vault guards (D:13)
  A ghost crab (Spider:4)
  6 centaur warriors
  3 ogre magi
  8 boulder beetles
  2 catoblepae (Lair:6)
  3 tengu warriors
  13 two-headed ogres
  7 dancing weapons (Elf:1)
  16 death yaks
  8 deep elf knights (Elf:1)
  A fire crab (Lair:6)
  A sea snake (Lair:6)
  2 deep trolls (Orc:2)
  A wizard (D:13)
  19 deep elf archers
  23 deep elf pyromancers
  3 harpies (Lair:6)
  3 orc knights
  A necromancer (D:13)
  17 ugly things
  15 deep elf zephyrmancers
  16 orb spiders
  An orc sorcerer (Elf:1)
  30 wolf spiders
  13 cyclopes
  6 manticores
  6 black mambas
  2 elephants
  4 moths of wrath
  3 torpor snails
  3 gargoyles
  22 cane toads
  Maggie (D:7)
  An unseen horror (D:12)
  A freezing wraith (D:15)
  6 rime drakes
  10 komodo dragons
  2 yaktaurs (D:13)
  2 tengu conjurers
  A queen bee (Lair:4)
  A kobold demonologist (D:10)
  5 demonic crawlers
  7 meliai
  4 polar bears
  25 jumping spiders
  18 trolls
  A meliai (shapeshifter) (D:14)
  5 tyrant leeches (Spider:4)
  13 hornets
  Prince Ribbit (D:7)
  A wind drake (Lair:6)
  31 blink frogs
  8 slime creatures
  A snapping turtle (Lair:6)
  45 redbacks
  2 centaur simulacra (D:15)
  23 tarantellas
  A tarantella (shapeshifter) (D:14)
  6 wyverns
  2 shadows
  A water elemental (Elf:1)
  4 wraiths
  A vampire (D:12)
  7 basilisks
  51 yaks
  A hog (D:10)
  3 steam dragons
  8 vampire mosquitoes
  4 wargs
  3 acid dragons
  20 water moccasins
  An ice beast (D:6)
  22 orc warriors
  5 sky beasts
  5 black bears
  A necrophage (D:4)
  14 centaurs
  19 ogres
  12 wolves
  3 boggarts (D:15)
  A phantom (D:4)
  2 kobold brigands
  11 bullfrogs
  A gnoll sergeant (D:9)
  4 scorpions
  2 earth elementals (Elf:1)
  2 wyvern zombies
  A water moccasin zombie (D:5)
  A water moccasin skeleton (D:5)
  42 killer bees
  4 wights (D:9)
  9 electric eels
  A howler monkey (D:12)
  7 centaur zombies
  2 hounds
  7 jellies
  14 orc priests
  2 bullfrog skeletons
  2 gnoll shamans
  Natasha (thrice) (D:3)
  27 orc wizards
  2 hell rats (Lair:4)
  Ijyb (D:3)
  3 yak simulacra (D:13)
  3 polar bear simulacra (D:13)
  3 wolf simulacra (D:13)
  A hound skeleton (D:5)
  2 howler monkey zombies (D:7)
  18 gnolls
  5 adders
  2 shadow imps
  An ufetubus (D:4)
  An adder zombie (D:5)
  A worm (D:2)
  3 dart slugs
  93 orcs
  25 endoplasms
  6 giant cockroaches
  12 goblins
  2 hobgoblins
  3 jackals (D:4)
  9 quokkas
  5 ball pythons
  4 bats
  5 frilled lizards
  11 kobolds
  7 rats
  2 river rat simulacra (D:13)
1088 creatures vanquished.

Vanquished Creatures (collateral kills)
  Frances (D:13)
  An emperor scorpion (Spider:4)
2 creatures vanquished.

Vanquished Creatures (others)
  A deep elf knight (Elf:1)
  2 deep elf zephyrmancers (Elf:1)
  An orb spider (Spider:4)
  A jumping spider (Spider:4)
  3 redbacks (Spider:4)
  A boggart (D:15)
  2 killer bees (Lair:4)
  An orc wizard (D:4)
  30 fungi
  70 plants
112 creatures vanquished.

Grand Total: 1202 creatures vanquished

Notes
Turn   | Place    | Note
-------+----------+-------------------------------------------
     0 | D:1      | frimble the Minotaur Warper began the quest for the Orb.
     0 | D:1      | Reached XP level 1. HP: 18/18 MP: 1/1
   150 | D:1      | Reached XP level 2. HP: 25/25 MP: 3/3
   621 | D:1      | Reached XP level 3. HP: 30/31 MP: 4/4
  1094 | D:2      | Found a faded altar of an unknown god.
  1095 | D:2      | Identified 2 scrolls of acquirement
  1095 | D:2      | Acquired 893 gold pieces
  1097 | D:2      | Acquired 620 gold pieces
  1272 | D:2      | Reached XP level 4. HP: 29/38 MP: 5/5
  1995 | D:4      | Noticed a scorpion
  2035 | D:3      | Killed a scorpion
  2036 | D:3      | Reached XP level 5. HP: 29/46 MP: 6/6
  2287 | D:4      | Found a white marble altar of Elyvilon.
  2476 | D:4      | Found a basalt altar of Yredelemnul.
  2504 | D:4      | Noticed a phantom
  2529 | D:4      | Killed a phantom
  2530 | D:4      | Reached XP level 6. HP: 4/53 MP: 7/7
  2843 | D:4      | Found an ornate altar of the Wu Jian Council.
  3093 | D:4      | Found a staircase to the Ecumenical Temple.
  3277 | D:3      | Noticed Natasha
  3306 | D:4      | Reached skill level 5 in Fighting
  3318 | Temple   | Entered the Ecumenical Temple
  3484 | Temple   | Reached skill level 5 in Long Blades
  4032 | D:5      | Entered Level 5 of the Dungeon
  4769 | D:4      | Learned a level 2 spell: Blink
  4838 | D:3      | Killed Natasha
  4892 | D:3      | Noticed Ijyb
  4904 | D:3      | Killed Ijyb
  4905 | D:3      | Reached XP level 7. HP: 49/61 MP: 8/8
  5686 | D:3      | Noticed Natasha
  5694 | D:3      | Killed Natasha
  5869 | D:3      | Noticed Natasha
  5878 | D:3      | Killed Natasha
  5879 | D:3      | Reached skill level 1 in Short Blades
  6148 | D:5      | Reached skill level 1 in Evocations
  6689 | D:5      | Found a broken altar of Ashenzari.
  6757 | D:5      | Reached skill level 1 in Stealth
  7357 | D:6      | Noticed a shadow
  7363 | D:5      | Reached XP level 8. HP: 51/68 MP: 9/9
  8797 | D:6      | Noticed a deep elf pyromancer
  8815 | D:6      | Killed a deep elf pyromancer
  8816 | D:6      | Reached skill level 5 in Translocations
  8816 | D:6      | Reached XP level 9. HP: 41/74 MP: 8/10
  9335 | D:7      | Found a shimmering blue altar of Sif Muna.
  9351 | D:7      | Noticed Prince Ribbit
  9356 | D:7      | Noticed Harold
  9374 | D:7      | Noticed Maggie
  9759 | D:7      | Found Remobbaj's Jewellery Shoppe.
  9802 | D:7      | Bought a +4 ring of slaying for 936 gold pieces
  9987 | D:7      | Reached skill level 5 in Throwing
 10139 | D:7      | Killed Maggie
 10140 | D:7      | Reached skill level 5 in Short Blades
 10370 | D:7      | Killed Prince Ribbit
 10379 | D:7      | Killed Harold
 10826 | D:7      | Noticed a gargoyle
 10840 | D:7      | Killed a gargoyle
 10841 | D:7      | Reached XP level 10. HP: 47/83 MP: 11/11
 12048 | D:8      | Reached skill level 5 in Dodging
 13337 | D:9      | Found Qig Saj's Distillery.
 13348 | D:9      | Bought a potion of might for 56 gold pieces
 13348 | D:9      | Bought a potion of lignification for 42 gold pieces
 13348 | D:9      | Bought a potion of invisibility for 112 gold pieces
 14307 | D:9      | Identified the +4 scale mail of Death Resistance {Harm}
 14351 | D:10     | Entered Level 10 of the Dungeon
 14447 | D:10     | Noticed Joseph
 14453 | D:10     | Noticed Joseph
 14453 | D:10     | Joseph changed into Joseph the hog
 14459 | D:10     | Killed Joseph the hog
 14574 | D:10     | Reached XP level 11. HP: 85/94 MP: 13/13
 15930 | D:10     | Noticed an orc knight
 15940 | D:10     | an orc knight changed into a naga
 16283 | D:10     | Found a staircase to the Lair.
 16396 | D:10     | Found a staircase to the Orcish Mines.
 16591 | D:10     | Noticed a two-headed ogre
 16604 | D:10     | Killed a two-headed ogre
 16778 | D:10     | Found a glowing silver altar of Zin.
 17685 | D:11     | Reached skill level 10 in Fighting
 18229 | D:12     | Noticed an eight-headed hydra
 18293 | Lair:1   | Entered Level 1 of the Lair of Beasts
 18451 | Temple   | Became a worshipper of Cheibriados the Contemplative
 18641 | Lair:1   | Learned a level 1 spell: Apportation
 18676 | Lair:1   | Reached XP level 12. HP: 42/108 MP: 14/14
 18677 | Lair:1   | Got the Catalogue of Supportive Malediction
 18868 | Lair:1   | Identified the +0 pair of gloves of Wohoutri {Fly rC++ rN+
                  | rCorr}
 19149 | Lair:1   | Reached skill level 10 in Long Blades
 19152 | Lair:1   | Reached * piety under Cheibriados
 19573 | Lair:2   | Noticed a seven-headed hydra
 19668 | Lair:3   | Reached skill level 10 in Dodging
 19670 | Lair:3   | Reached ** piety under Cheibriados
 20118 | Lair:3   | Found a hole to the Spider Nest.
 20134 | Lair:3   | Found a staircase to the Shoals.
 20644 | Lair:4   | Noticed a death yak
 20645 | Lair:4   | Noticed a death yak
 20655 | Lair:4   | Reached *** piety under Cheibriados
 20661 | Lair:4   | Killed a death yak
 20684 | Lair:4   | Noticed a death yak
 20687 | Lair:4   | Noticed a death yak
 20691 | Lair:4   | Noticed a death yak
 20692 | Lair:4   | Noticed a death yak
 20708 | Lair:4   | Killed a death yak
 20714 | Lair:4   | Killed a death yak
 20723 | Lair:4   | Killed a death yak
 20729 | Lair:4   | Killed a death yak
 20788 | Lair:4   | Killed a death yak
 20809 | Lair:4   | Reached XP level 13. HP: 114/119 MP: 15/15
 20904 | Lair:4   | Reached **** piety under Cheibriados
 21016 | Lair:4   | Reached ***** piety under Cheibriados
 21041 | Lair:4   | Reached skill level 1 in Invocations
 22205 | Lair:5   | Reached ****** piety under Cheibriados
 22215 | Lair:5   | Acquired 850 gold pieces
 22263 | Lair:5   | You are sucked into a shaft and drop 1 floor!
 22263 | Lair:6   | Entered Level 6 of the Lair of Beasts
 22369 | Lair:5   | Learned a level 6 spell: Statue Form
 22406 | Lair:5   | Reached skill level 5 in Invocations
 22643 | Lair:5   | Reached skill level 1 in Shields
 22693 | Lair:5   | Reached skill level 1 in Transmutations
 22693 | Lair:5   | Reached skill level 1 in Earth Magic
 22782 | Lair:5   | Reached XP level 14. HP: 132/132 MP: 17/17
 23221 | Lair:6   | Noticed Josephine
 23232 | Lair:6   | Killed Josephine
 23287 | Lair:6   | Reached skill level 5 in Shields
 23550 | Lair:6   | Found a staircase to the Slime Pits.
 23554 | Lair:6   | Identified the +0 leather armour of Isumaz {rPois rC+}
 25363 | D:12     | Reached XP level 15. HP: 62/138 MP: 19/19
 25533 | D:12     | Noticed a frost giant
 25548 | D:12     | Killed a frost giant
 25684 | D:12     | Noticed Nessos
 25690 | D:12     | Killed Nessos
 25719 | D:12     | Reached skill level 10 in Shields
 25857 | D:12     | Reached skill level 5 in Earth Magic
 25915 | D:12     | Reached skill level 5 in Transmutations
 25977 | D:12     | Noticed an orc warlord
 25986 | D:12     | Killed an orc warlord
 27393 | D:13     | Noticed Frances
 27404 | D:13     | Killed Frances
 28026 | D:13     | Found a portal to a secret trove of treasure.
 28337 | D:14     | Reached skill level 5 in Evocations
 28837 | D:14     | Identified the +3 leather armour of Jookatem {Int+4}
 28864 | D:15     | Entered Level 15 of the Dungeon
 28885 | D:15     | Noticed Louise
 29087 | Orc:1    | Entered Level 1 of the Orcish Mines
 29389 | Orc:1    | Found Guwn's Jewellery Boutique.
 29638 | Orc:2    | Entered Level 2 of the Orcish Mines
 29842 | Orc:2    | Found Ologytid's Antique Weapon Emporium.
 29843 | Orc:2    | Found Sutuwnau's Distillery.
 29860 | Orc:2    | Reached XP level 16. HP: 94/146 MP: 5/21
 29980 | Orc:2    | Found Xeonas's Weapon Boutique.
 29983 | Orc:2    | Found Ydwir's Book Shop.
 30018 | Orc:2    | Bought a potion of heal wounds for 90 gold pieces
 30108 | Orc:2    | Noticed Rupert
 30112 | Orc:2    | Paralysed by Rupert for 4 turns
 30136 | Orc:2    | Killed Rupert
 30381 | Orc:2    | Found a staircase to the Elven Halls.
 31016 | D:13     | Found a gate to the Vaults.
 31276 | D:15     | Found a staircase to the Depths.
 31352 | D:15     | Killed Louise
 32020 | Spider:1 | Entered Level 1 of the Spider Nest
 32426 | Spider:1 | Noticed Jorgrun
 32435 | Spider:1 | Killed Jorgrun
 33182 | Spider:2 | Reached XP level 17. HP: 92/152 MP: 22/22
 33286 | Spider:2 | Reached skill level 15 in Shields
 33772 | Spider:2 | Noticed Roxanne
 35215 | Spider:4 | Entered Level 4 of the Spider Nest
 36464 | Spider:4 | Reached skill level 15 in Fighting
 36548 | Spider:4 | Got a gossamer rune of Zot
 36858 | Elf:1    | Entered Level 1 of the Elven Halls
 36906 | Elf:1    | Reached XP level 18. HP: 153/163 MP: 23/23
 37819 | Elf:1    | Reached skill level 5 in Spellcasting
 38180 | Elf:1    | Reached skill level 10 in Earth Magic
 38184 | Elf:1    | Reached skill level 10 in Transmutations
 38211 | Elf:1    | Identified the +8 dagger of Offence {flame, rCorr}
 38216 | Elf:1    | Noticed an Ice Fiend
 38222 | Elf:1    | Mangled by an earth elemental

Illustrated notes

Levels and vault maps discovered:
D:1:      nicolae_arrival_memento_mori, layout_basic, minmay_misc_feat_x
D:2:      layout_rooms, shapermc_ecumenical_altar_mp_highgroup,
          kennysheep_generic_room_13
D:3:      layout_basic, uniq_ijyb, uniq_natasha
D:4:      layout_basic, kennysheep_mini, kennysheep_ying_yang,
          minmay_temple_entry_statues_fountains
D:5:      layout_loops_corners, ashenzari_altar_1, minivault_24
D:6:      layout_cave_pools, guppyfry_early_elven_hall
D:7:      layout_basic, mainiacjoe_overflow_brackets, minivault_14,
          nicolae_stop_n_shop_1, uniq_harold, uniq_maggie, uniq_prince_ribbit1
D:8:      layout_basic, kennysheep_generic_room_5
D:9:      layout_roguey, serial_shops, shop, special_room [special_room_orc]
D:10:     layout_basic, zin_statuary, david_lair_generic, erik_orc_2,
          kennysheep_generic_room_10, uniq_joseph
D:11:     layout_irregular_city, serial_glass, glass_columns_a, glass_columns_b,
          glass_columns_b, glass_columns_a, glass_columns_b, glass_columns_b,
          glass_columns_c, glass_columns_a, glass_columns_c, glass_columns_a,
          minmay_strange_pillars
D:12:     minmay_the_grid_3x3 [minmay_the_grid_embedded, minmay_the_grid_eight,
          minmay_the_grid_armoury, minmay_the_grid_minigrid_small,
          minmay_the_grid_small_cups, minmay_the_grid_tiny_cups,
          minmay_the_grid_diamond_grid, minmay_the_grid_minigrid_small_alt,
          minmay_the_grid_prize_shrinking_boxes], layout_long_grid, uniq_nessos
D:13:     minmay_separated_statues, layout_grid_maze,
          grunt_vaults_entry_fortified, enter_trove_5, eino_house_with_fridge,
          uniq_frances
D:14:     layout_basic, minmay_misc_feat_doors
D:15:     grunt_enter_depths_giant_problem, layout_rooms, chequers_garden,
          minmay_fractal_squares_gapless_5, uniq_louise
Temple:   eino_temple_rhombus
Lair:1:   layout_gridlike, grunt_megastairs_5
Lair:2:   layout_hall_layers, serial_bayou_pond_a, serial_bayou_shore_a,
          lemuel_fruit_tree, grunt_megastairs_3
Lair:3:   lemuel_slime, layout_cave_pods, shoals_dummy_entry,
          spider_nest_entry_web_field
Lair:4:   hangedman_what_comes_after_a, layout_layer_cave,
          chequers_serial_rivers_room_b
Lair:5:   layout_cave_pods
Lair:6:   gammafunk_lair_ancient_temple, layout_hall_layers,
          minmay_slime_entry_pillars, serial_bayou_pond_c, serial_bayou_lake_a,
          uniq_josephine
Spider:1: layout_spider_delve, drop_trap, hangedman_spider_tarantella_strand,
          uniq_jorgrun
Spider:2: layout_chambers, uniq_roxanne
Spider:3: nicolae_spider_hall_of_the_moth_king
Spider:4: spider_rune_water, nicolae_spider_swamp_cousins
Orc:1:    layout_caves, serial_shops, nicolae_square_shop
Orc:2:    st_orc_open, layout_diamond_mine, uniq_rupert
Elf:1:    minmay_elf_arrival_plus, layout_geoelf_octagon, orc_legates

Skill      XL: |  1  2  3  4  5  6  7  8  9 10 11 12 13 14 15 16 17 18 |
---------------+-------------------------------------------------------+-----
Fighting       | 3 4 5 6 8 10 12 14 15 | 15.8
Long Blades    | 3 4 5 6 9 11 13 | 13.3
Translocations | 3 4 5 6 |  6.0
Dodging        | 3 4 6 9 11 | 11.5
Throwing       | 3 4 5 7 |  7.0
Short Blades   | 2 4 6 |  6.8
Evocations     | 2 3 4 5 7 8 |  8.0
Stealth        | 1 3 4 |  4.0
Spellcasting   | 2 4 5 |  5.3
Invocations    | 5 7 8 |  8.2
Shields        | 2 9 12 14 15 | 15.0
Transmutations | 1 4 6 7 9 10 | 10.0
Earth Magic    | 1 4 6 7 9 10 | 10.1
Armour         | |  1.3

Action                   |  1- 3 |  4- 6 |  7- 9 | 10-12 | 13-15 | 16-18 || total
-------------------------+-------+-------+-------+-------+-------+-------++-------
Melee: Falchion          |   108 |   136 |    39 |    92 |       |       ||   375
       Headbutt          |    16 |    23 |    46 |   122 |   277 |   351 ||   835
       Dagger            |       |    25 |    70 |       |    37 |     1 ||   133
       Short sword       |       |       |   138 |       |       |       ||   138
       Long sword        |       |       |    13 |   197 |       |    68 ||   278
       Scimitar          |       |       |       |   242 |   549 |   747 ||  1538
Throw: Javelin           |       |    13 |     6 |       |    13 |     2 ||    34
       Dart              |       |       |    43 |   140 |   147 |    92 ||   422
       Throwing net      |       |       |     1 |       |       |     1 ||     2
       Boomerang         |       |       |       |       |    10 |    17 ||    27
 Cast: Blink             |       |       |     4 |     7 |     7 |     7 ||    25
       Apportation       |       |       |       |       |    15 |    10 ||    25
       Statue Form       |       |       |       |       |       |     6 ||     6
Invok: Slouch            |       |       |       |       |    11 |    11 ||    22
       Step From Time    |       |       |       |       |       |     1 ||     1
 Abil: End Transformatio |       |       |       |       |       |     1 ||     1
Evoke: Wand              |       |       |     8 |    12 |    12 |     3 ||    35
       Box of beasts     |       |       |       |     1 |     1 |     1 ||     3
       Lightning rod     |       |       |       |       |     6 |       ||     6
       Tin of tremorston |       |       |       |       |     2 |     2 ||     4
  Use: Scroll            |     4 |     5 |     1 |    10 |     7 |     5 ||    32
       Potion            |       |     5 |     1 |     2 |       |     2 ||    10
 Stab: Sleeping          |       |       |     3 |     2 |    11 |    10 ||    26
       Distracted        |       |       |       |     1 |     1 |     2 ||     4
       Invisible         |       |       |       |     9 |       |       ||     9
       Petrifying        |       |       |       |       |     1 |       ||     1
       Paralysed         |       |       |       |       |     3 |       ||     3
       Held in net/web   |       |       |       |       |       |     2 ||     2
Armor: Leather armour    |    31 |    41 |    66 |       |       |       ||   138
       Steam dragon scal |       |       |     4 |   111 |       |       ||   115
       Skin              |       |       |       |     5 |       |    28 ||    33
       Troll leather arm |       |       |       |    31 |   108 |   133 ||   272
Dodge: Dodged            |    66 |   115 |   139 |   317 |   529 |   570 ||  1736
Block: Kite shield       |       |       |       |       |    56 |   873 ||   929
       Reflection        |       |       |       |       |       |    79 ||    79
       Rpst.: Falchion   |    17 |    26 |     8 |     8 |       |       ||    59
       Long sword        |       |       |     1 |    24 |       |     9 ||    34
       Scimitar          |       |       |       |    47 |   101 |    83 ||   231

Table legend: (Time is in decaauts)
 A = Elapsed time spent in this place.
 B = Non-inter-level travel time spent in this place.
 C = Inter-level travel time spent in this place.
 D = Time resting spent in this place.
 E = Time spent auto-exploring this place.
 F = Levels seen in this place.
 G = Mean time per level.
                   A        B        C        D        E       F      G
               +--------+--------+--------+--------+--------+-----+--------+
         Total |  50218 |  45829 |   4389 |    843 |  37601 |  29 | 1731.7 |
       Dungeon |  27104 |  24323 |   2781 |    828 |  19929 |  15 | 1806.9 |
        Temple |    509 |    459 |     50 |      0 |    432 |   1 |  509.0 |
          Lair |  10460 |   9579 |    881 |     11 |   8033 |   6 | 1743.3 |
   Spider Nest |   7404 |   6881 |    523 |      0 |   5719 |   4 | 1851.0 |
  Orcish Mines |   2734 |   2582 |    152 |      0 |   2129 |   2 | 1367.0 |
   Elven Halls |   2004 |   2004 |      0 |      4 |   1357 |   1 | 2004.0 |
               +--------+--------+--------+--------+--------+-----+--------+

Top non-repeatable levels by time:
    D:10: 3382 daAuts
    D:13: 2860 daAuts
  Lair:4: 2577 daAuts
    D:12: 2479 daAuts
Spider:2: 2349 daAuts
     D:5: 2155 daAuts
     D:7: 2129 daAuts
   Elf:1: 2004 daAuts
Spider:4: 1985 daAuts
     D:3: 1852 daAuts
Spider:1: 1844 daAuts
     D:4: 1829 daAuts
     D:9: 1785 daAuts
  Lair:5: 1783 daAuts
    D:14: 1767 daAuts
